 Dungeon Crawl Stone Soup version 0.28-a0-425-gd0eccab798 (webtiles) character file.

Game seed: 18004852920896101872

189 MaCx the Firebug (level 5, 0/42 HPs)
             Began as a Draconian Fire Elementalist on Sept 9, 2021.
             Slain by Robin (1 damage)
             ... on level 3 of the Dungeon.
             The game lasted 00:14:54 (4440 turns).

MaCx the Firebug (Draconian Fire Elementalist)      Turns: 4440, Time: 00:14:54

Health: 0/42       AC:  5    Str: 10    XL:     5   Next: 40%
Magic:  5/9        EV: 12    Int: 16    God:
Gold:   129        SH:  0    Dex: 12    Spells: 9/10 levels left

rFire   . . .      SeeInvis .   j - +1 short sword (drain)
rCold   . . .      Faith    .   (no shield)
rNeg    . . .      Spirit   .   (armour unavailable)
rPois   .          Reflect  .   (helmet restricted)
rElec   .          Harm     .   (no cloak)
rCorr   .          Rampage  .   (no gloves)
Will    .....                   (no boots)
Stlth   ++........              (no amulet)
HPRegen 0.14/turn               (no ring)
MPRegen 0.11/turn               (no ring)

@: no status effects
A: AC +5, unfitting armour, cold-blooded
a: no special abilities


You were on level 3 of the Dungeon.
You visited 1 branch of the dungeon, and saw 3 of its levels.

You collected 129 gold pieces.

Inventory:

Hand Weapons
 j - a +1 short sword of draining (weapon)
Missiles
 c - 61 stones (quivered)
 f - a throwing net
Armour
 g - a +0 kite shield
 n - a +0 buckler
Wands
 q - a wand of digging (5)
Scrolls
 d - a scroll of amnesia {unknown}
 e - 2 scrolls of magic mapping {unknown}
 i - a scroll of fear {unknown}
 l - a scroll of vulnerability {unknown}
 o - a scroll of noise {unknown}
 p - a scroll of identify {unknown}
Potions
 a - a potion of cancellation {unknown}
 b - 2 potions of lignification {unknown}
 h - 3 potions of haste {unknown}
 k - a potion of heal wounds {unknown}
 m - a potion of might
 r - a potion of ambrosia {unknown}


   Skills:
 + Level 2.4 Fighting
 - Level 1.7 Dodging
 - Level 1.7 Stealth
 + Level 1.4 Shields
 + Level 3.0 Spellcasting
 + Level 2.5 Conjurations
 + Level 3.9 Fire Magic


You had 9 spell levels left.
You knew the following spells:

 Your Spells              Type           Power      Damage    Failure   Level
a - Foxfire               Conj/Fire      48%        2x1d6     4%          1

Your spell library contained the following spells:

 Spells                   Type           Power      Damage    Failure   Level
 Scorch                   Fire           28%        2d6       5%          2
 Conjure Flame            Conj/Fire      12%        6-21      16%         3
 Sandblast                Erth           4%         2d4       19%         1
 Inner Flame              Hex/Fire       8%         N/A       26%         3
 Passwall                 Tmut/Erth      1%         N/A       28%         2
 Slow                     Hex            2%         N/A       28%         2
 Stone Arrow              Conj/Erth      12%        3d7       32%         3
 Flame Wave               Conj/Fire      12%        3d4       45%         4
 Confusing Touch          Hex            2%         N/A       50%         3
 Yara's Violent Unravell  Hex/Tmut       1%         3d3       99%         5


Dungeon Overview and Level Annotations

Branches:
Dungeon (3/15)

Altars:

Shops:
D:1 :

Annotations:
D:2 1 runed translucent door, Crazy Yiuf
D:3 Robin


Innate Abilities, Weirdness & Mutations

Your plain brown scales are hard. (AC +5)
You cannot fit into any form of body armour.
You are cold-blooded and may be slowed by cold attacks.


Message History

Things that are here:
a +0 short sword; a kobold corpse
Casting: Foxfire (safe; 4% risk of failure)
Confirm with . or Enter, or press ? or * to list all spells.
You conjure some foxfire!
The goblin closely misses you. Something hits you.
Casting: Foxfire (safe; 4% risk of failure)
Confirm with . or Enter, or press ? or * to list all spells.
There is not enough space to conjure foxfire!
You hit the goblin.
The goblin is severely wounded.
The foxfire hits something.
The goblin hits you with a +0 dagger.
The goblins go into a battle-frenzy!
You hit the goblin.
You kill the goblin!
The goblin no longer looks unusually strong.
Something hits you. The goblin barely misses you.
You hit the goblin.
Your tail-slap misses the goblin.
The goblin is severely wounded.
Something hits you. The goblin hits you but does no damage.
You barely miss the goblin.
Your tail-slap misses the goblin.
The goblin is severely wounded.
Something hits you. The goblin closely misses you.
You barely miss the goblin.
The goblin is severely wounded.
Something hits you.
* * * LOW HITPOINT WARNING * * *
The goblin hits you but does no damage.
You closely miss the goblin.
The goblin is severely wounded.
The goblins go into a battle-frenzy!
The goblin hits you with a +0 club.
* * * LOW HITPOINT WARNING * * *
You hit the goblin.
You kill the goblin!
Something hits you.
* * * LOW HITPOINT WARNING * * *
You closely miss the goblin. Something hits you.
* * * LOW HITPOINT WARNING * * *
The goblin misses you. Something hits you.
You die...

.. #.......... ...
#.##....... ....
#.##.#.####
..g########.##.#.#
...gg..........#.#
#. #g######.##.#.#
#) #.## #.##.#.#
#)####.####.##.#.#
#.{)@gg.....##.#.#
########.#####.#
## ###


You could see 2 goblins.

Vanquished Creatures
  Ijyb (D:3)
  Jessica (D:3)
  3 gnolls (D:2)
  2 adders (D:3)
  A white imp (D:3)
  4 worms (D:2)
  A dart slug (D:2)
  4 endoplasms
  2 giant cockroaches
  10 goblins
  3 hobgoblins
  2 jackals (D:1)
  2 quokkas (D:1)
  8 ball pythons
  4 bats
  3 frilled lizards
  12 kobolds
  6 rats
69 creatures vanquished.

Vanquished Creatures (others)
  287 foxfires
287 creatures vanquished.

Grand Total: 356 creatures vanquished

Notes
Turn   | Place    | Note
-------+----------+-------------------------------------------
     0 | D:1      | MaCx the Draconian Fire Elementalist began the quest for
                  | the Orb.
     0 | D:1      | Reached XP level 1. HP: 14/14 MP: 3/3
   703 | D:1      | Reached XP level 2. HP: 22/22 MP: 1/5
   885 | D:1      | Found Jovehoaj's Book Shop.
  1016 | D:1      | Reached skill level 1 in Fighting
  1482 | D:2      | Reached XP level 3. HP: 28/28 MP: 0/6
  1818 | D:2      | Found a faded altar of an unknown god.
  2218 | D:2      | Reached XP level 4. HP: 36/36 MP: 4/7
  2643 | D:2      | Found a runed translucent door.
  2644 | D:2      | Noticed Crazy Yiuf
  2978 | D:3      | Noticed Jessica
  2988 | D:3      | Killed Jessica
  2989 | D:3      | Reached skill level 1 in Shields
  3680 | D:3      | Reached XP level 5. HP: 41/41 MP: 9/9
  4022 | D:3      | Noticed Ijyb
  4041 | D:3      | Killed Ijyb
  4411 | D:3      | Noticed Robin
  4440 | D:3      | HP: 1/42 [something (2)]
  4440 | D:3      | Slain by Robin

Illustrated notes

Levels and vault maps discovered:
D:1:      kilobyte_arrival_exit_the_forest, layout_basic, serial_shops, shop,
          grunt_decor_one_mirror
D:2:      layout_basic, ebering_ecumenical_altar_petrified,
          uniq_crazy_yiuf_cottage
D:3:      layout_basic, corexii_item_surrounded_by_moat,
          ebering_dispersal_statue_hall, item_on_display_a, uniq_robin,
          uniq_jessica, uniq_ijyb

Skill      XL: |  1  2  3  4  5 |
---------------+----------------+-----
Fighting       | 1 2 |  2.4
Conjurations   | 2 |  2.5
Shields        | 1 |  1.4
Spellcasting   | 3 |  3.0
Dodging        | |  1.7
Stealth        | |  1.7
Fire Magic     | |  3.9

Action                   |  1- 3 |  4- 6 || total
-------------------------+-------+-------++-------
Melee: Short sword       |     2 |    24 ||    26
       Dagger            |     1 |       ||     1
Throw: Stone             |    12 |     5 ||    17
 Cast: Foxfire           |    83 |    98 ||   181
Armor: Skin              |     4 |    16 ||    20
Dodge: Dodged            |    16 |    26 ||    42

Table legend: (Time is in decaauts)
 A = Elapsed time spent in this place.
 B = Non-inter-level travel time spent in this place.
 C = Inter-level travel time spent in this place.
 D = Time resting spent in this place.
 E = Time spent auto-exploring this place.
 F = Levels seen in this place.
 G = Mean time per level.
                   A        B        C        D        E       F      G
               +--------+--------+--------+--------+--------+-----+--------+
         Total |   4450 |   4336 |    114 |    416 |   3254 |   3 | 1483.3 |
       Dungeon |   4450 |   4336 |    114 |    416 |   3254 |   3 | 1483.3 |
               +--------+--------+--------+--------+--------+-----+--------+

Top non-repeatable levels by time:
     D:3: 1614 daAuts
     D:1: 1552 daAuts
     D:2: 1283 daAuts
